Red Wings vs Avalanche

Created - 24 novembre 2021 at 16:40

Goals
1 2 3 T
Red Wings 0 1 2 3
Avalanche 0 2 0 2
Shots
1 2 3 T
Red Wings 14 9 19 42
Avalanche 13 12 16 41

1st period

No Goal

Penalties :
Scott Harrington (DET) for Hooking (Minor) at 18:00

2nd period

1. Red Wings , Connor Brown 3 (Lars Eller 4, Nick Bonino 7) at 0:53
2. Avalanche , Kyle Clifford 2 (Ivan Barbashev 4, John Klingberg 4) at 7:20
3. Avalanche , Mathieu Joseph 3 (Gustav Forsling 2, Ivan Barbashev 5) at 10:15

Penalties :
Jujhar Khaira (DET) for Hooking (Minor) at 16:46

3rd period

4. Red Wings , David Pastrnak 9 (Mark Scheifele 11) at 4:04 (PP)
5. Red Wings , Nick Bonino 3 (Duncan Keith 5) at 11:13

Penalties :
Kyle Clifford (COL) for High sticking (Minor) at 4:02

Goalie Stats

Marc-Andre Fleury (DET), 39 saves from 41 shots - (0,951), W, 7-3-2, 60:00 minutes
Thatcher Demko (COL), 39 saves from 42 shots - (0,929), L, 3-4-1, 59:01 minutes

Players Stats for Red Wings

Player Name              G  A  P  +/- PIM S  H  SB GA TA FO     MP     PP MP  PK MP  
------------------------------------------------------------------------------------
Andreas Johnsson         0  0  0  -2  0   4  2  1  0  0  0/0    16:07   0:00   0:00 
Anton Stralman           0  0  0  -1  0   0  2  0  0  0  0/0    18:35   0:00   0:00 
Cam Atkinson             0  0  0   0  0   2  2  0  2  0  0/2    15:55   0:00   0:00 
Connor Brown             1  0  1   2  0   6  0  0  1  0  0/1    18:36   0:02   2:30 
David Pastrnak           1  0  1   0  0   3  2  0  0  0  0/1    17:39   0:02   0:31 
Duncan Keith             0  1  1   2  0   1  0  3  0  2  0/0    21:09   0:02   2:08 
Dylan DeMelo             0  0  0  -1  0   0  0  0  1  1  0/0    20:16   0:00   1:50 
Jeff Petry               0  0  0   2  0   2  2  0  1  2  0/0    21:09   0:02   2:08 
John Tavares             0  0  0   0  0   2  1  1  0  0  8/15   15:50   0:00   0:00 
Jujhar Khaira            0  0  0  -2  2   1  2  1  2  0  0/1     7:18   0:00   0:22 
Lars Eller               0  1  1   2  0   8  0  1  0  0  1/1    16:04   0:00   0:00 
Mark Scheifele           0  1  1   0  0   2  1  0  0  0  3/4    17:06   0:02   0:00 
Nick Bonino              1  1  2   2  0   4  1  0  1  1  11/15  17:09   0:00   0:54 
Noel Acciari             0  0  0   0  0   3  2  0  1  2  10/22  18:31   0:00   2:34 
Oliver Bjorkstrand       0  0  0   0  0   0  1  0  0  0  0/0     7:33   0:00   0:00 
Scott Harrington         0  0  0  -1  2   1  0  0  0  0  0/0    18:34   0:00   0:00 
Troy Stecher             0  0  0  -1  0   2  1  0  0  2  0/0    20:16   0:00   1:50 
Zemgus Girgensons        0  0  0  -2  0   1  0  0  0  0  0/1     8:13   0:00   1:05 

Players Stats for Avalanche

Player Name              G  A  P  +/- PIM S  H  SB GA TA FO     MP     PP MP  PK MP  
------------------------------------------------------------------------------------
Andrew Copp              0  0  0   0  0   3  0  1  1  0  17/30  21:31   2:24   0:00 
Daniel Sprong            0  0  0   0  0   3  1  0  0  0  1/3    18:32   1:34   0:00 
Gustav Forsling          0  1  1   0  0   4  0  1  0  0  0/0    18:52   2:03   0:00 
Ivan Barbashev           0  2  2   1  0   1  4  0  0  2  3/10   14:38   0:00   0:02 
John Klingberg           0  1  1   1  0   1  1  1  1  1  0/0    24:14   2:02   0:00 
Josh Anderson            0  0  0   0  0   2  4  1  1  1  1/3    20:40   1:34   0:00 
Keith Yandle             0  0  0  -1  0   3  1  1  0  0  0/0    18:23   1:24   0:00 
Kyle Clifford            1  0  1   1  2   3  0  0  0  1  0/0    14:35   0:00   0:00 
Mason Appleton           0  0  0   0  0   0  0  0  0  0  0/0     6:39   0:00   0:02 
Mathieu Joseph           1  0  1   1  0   3  0  2  3  0  0/0    14:36   0:00   0:00 
Matt Roy                 0  0  0  -1  0   0  0  1  0  1  0/0    16:28   0:00   0:00 
Miro Heiskanen           0  0  0   0  0   2  3  0  0  0  0/0    20:33   2:27   0:02 
Nino Niederreiter        0  0  0  -1  0   6  3  0  2  1  0/0    19:20   2:24   0:00 
Ryan McDonagh            0  0  0   1  0   1  3  1  0  0  0/0    21:30   0:00   0:02 
Sam Bennett              0  0  0  -1  0   1  3  0  0  1  6/14   17:14   1:34   0:00 
Sammy Blais              0  0  0  -1  0   1  3  1  0  1  0/0    15:40   0:00   0:00 
Victor Rask              0  0  0   0  0   4  0  1  2  0  1/2     9:55   2:24   0:00 
Warren Foegele           0  0  0   0  0   3  1  0  0  0  1/1     6:37   0:00   0:00 

3 Stars

1 - Nick Bonino (DET)
2 - Marc-Andre Fleury (DET)
3 - Ivan Barbashev (COL)

Power Play

Red Wings - 1 on 1 Attempt(s) - 100,00%
Avalanche - 0 on 2 Attempt(s) - 0,00%

Penalty Kill

Red Wings - 2 on 2 Attempt(s) - 100,00% - Score 0 goal in Penalty Kill
Avalanche - 0 on 1 Attempt(s) - 0,00% - Score 0 goal in Penalty Kill

Team Stat

Red Wings - Hits : 19 - Faceoff Wins : 33 - Blocked Shots : 7 - Penalty Minutes : 4
Avalanche - Hits : 27 - Faceoff Wins : 30 - Blocked Shots : 11 - Penalty Minutes : 2

Official

Referees : Brandon Schrader and Furman South
Linesman : Glen Cooke and Luke Galvin

Game Notes

Oliver Bjorkstrand is injured at 10:44 of 2nd period (Left Hand)
Daniel Sprong is injured at 16:24 of 3rd period (Fractured Left Foot)

Finance

Level 1 -- Attendance: 4296 (71,60%) -- Ticket Income 429 600 $
Level 2 -- Attendance: 3230 (64,60%) -- Ticket Income 226 100 $
Level 3 -- Attendance: 1202 (60,10%) -- Ticket Income 56 494 $
Level 4 -- Attendance: 2213 (55,33%) -- Ticket Income 77 455 $
Luxury Box -- Attendance: 1000 (100,00%) -- Ticket Income 160 000 $
Game was played at the Pepsi Center.
Total Attendance: 11941 (66,34%)
Total Ticket Income: 949 649 $
Other Income: 465 328 $
Total Income: 1 414 977 $

Red Wings

5 vs 5 Forward 
   Center                   Left Wing                Right Wing               Time % Phy DF OF 
 1 John Tavares             David Pastrnak           Mark Scheifele           30     0   3  2  
 2 Nick Bonino              Lars Eller               Connor Brown             30     0   2  3  
 3 Noel Acciari             Cam Atkinson             Oliver Bjorkstrand       30     0   3  2  
 4 Jujhar Khaira            Andreas Johnsson         Zemgus Girgensons        10     1   2  2  

5 vs 5 Defense 
   Defense                  Defense                                           Time % Phy DF OF 
 1 Dylan DeMelo             Troy Stecher                                      34     1   2  2  
 2 Jeff Petry               Duncan Keith                                      33     1   2  2  
 3 Anton Stralman           Scott Harrington                                  33     1   2  2  
 4 Jeff Petry               Duncan Keith                                      0      1   2  2  

PowerPlay Forward 
   Center                   Left Wing                Right Wing               Time % Phy DF OF 
 1 Mark Scheifele           David Pastrnak           Connor Brown             60     1   2  2  
 2 John Tavares             Cam Atkinson             Lars Eller               40     1   2  2  

PowerPlay Defense
   Defense                  Defense                                           Time % Phy DF OF 
 1 Jeff Petry               Duncan Keith                                      60     1   2  2  
 2 Dylan DeMelo             Troy Stecher                                      40     1   2  2  

Penalty Kill 4 Players Forward 
   Center                   Wing                     Time % Phy DF OF 
 1 Noel Acciari             Connor Brown             60     1   2  2  
 2 Nick Bonino              Jujhar Khaira            40     1   2  2  

Penalty Kill 4 Players Defense
   Defense                  Defense                  Time % Phy DF OF 
 1 Jeff Petry               Duncan Keith             60     1   2  2  
 2 Dylan DeMelo             Troy Stecher             40     1   2  2  

Penalty Kill - 3 Players Forward 
   Forward                                           Time % Phy DF OF 
 1 Mark Scheifele                                    60     1   2  2  
 2 John Tavares                                      40     1   2  2  

Penalty Kill - 3 Players Defense
   Defense                  Defense                  Time % Phy DF OF 
 1 Jeff Petry               Duncan Keith             60     1   2  2  
 2 Dylan DeMelo             Troy Stecher             40     1   2  2  

4 vs 4 Forward 
   Center                   Wing                     Time % Phy DF OF 
 1 Mark Scheifele           David Pastrnak           50     0   2  3  
 2 John Tavares             Connor Brown             50     1   2  2  

4 vs 4 Defense
   Defense                  Defense                  Time % Phy DF OF 
 1 Jeff Petry               Duncan Keith             50     0   2  3  
 2 Dylan DeMelo             Troy Stecher             50     1   2  2  

Last Minutes Offensive
   Center                   Left Wing                Right Wing               Defense                  Defense                  
   Mark Scheifele           David Pastrnak           Connor Brown             Jeff Petry               Duncan Keith             

Last Minutes Defensive
   Center                   Left Wing                Right Wing               Defense                  Defense                  
   Mark Scheifele           David Pastrnak           Connor Brown             Jeff Petry               Duncan Keith             

Goaltenders
Starting : Marc-Andre Fleury        
Backup : Brian Elliott            

Extra Forwards
Normal : Andreas Johnsson, Nick Bonino, Oliver Bjorkstrand - PP : Andreas Johnsson, Nick Bonino - PK : Zemgus Girgensons
Extra Defensemen
Normal : Anton Stralman, Scott Harrington, Dylan DeMelo - PP : Anton Stralman - PK : Scott Harrington, Dylan DeMelo
Penalty Shots
Mark Scheifele, John Tavares, David Pastrnak, Connor Brown, Nick Bonino
Custom OT Lines Forwards
Mark Scheifele, John Tavares, David Pastrnak, Connor Brown, Nick Bonino, Cam Atkinson, Lars Eller, Oliver Bjorkstrand, Jujhar Khaira, Noel Acciari
Custom OT Lines Defensemen
Jeff Petry, Duncan Keith, Dylan DeMelo, Troy Stecher, Anton Stralman

Scratches
Haydn Fleury (Healthy)

Avalanche

5 vs 5 Forward 
   Center                   Left Wing                Right Wing               Time % Phy DF OF 
 1 Andrew Copp              Josh Anderson            Daniel Sprong            34     0   2  3  
 2 Sam Bennett              Sammy Blais              Nino Niederreiter        30     1   2  2  
 3 Ivan Barbashev           Kyle Clifford            Mathieu Joseph           28     2   2  1  
 4 Victor Rask              Mason Appleton           Warren Foegele           8      0   2  3  

5 vs 5 Defense 
   Defense                  Defense                                           Time % Phy DF OF 
 1 Ryan McDonagh            John Klingberg                                    40     0   3  2  
 2 Miro Heiskanen           Gustav Forsling                                   30     0   2  3  
 3 Keith Yandle             Matt Roy                                          20     0   3  2  
 4 Keith Yandle             Matt Roy                                          10     1   3  1  

PowerPlay Forward 
   Center                   Left Wing                Right Wing               Time % Phy DF OF 
 1 Andrew Copp              Victor Rask              Nino Niederreiter        60     0   2  3  
 2 Sam Bennett              Josh Anderson            Daniel Sprong            40     0   2  3  

PowerPlay Defense
   Defense                  Defense                                           Time % Phy DF OF 
 1 Miro Heiskanen           Keith Yandle                                      60     0   2  3  
 2 Gustav Forsling          John Klingberg                                    40     0   3  2  

Penalty Kill 4 Players Forward 
   Center                   Wing                     Time % Phy DF OF 
 1 Ivan Barbashev           Mason Appleton           60     1   2  2  
 2 Mathieu Joseph           Warren Foegele           40     1   2  2  

Penalty Kill 4 Players Defense
   Defense                  Defense                  Time % Phy DF OF 
 1 Ryan McDonagh            Miro Heiskanen           60     1   2  2  
 2 Gustav Forsling          Matt Roy                 40     1   2  2  

Penalty Kill - 3 Players Forward 
   Forward                                           Time % Phy DF OF 
 1 Ivan Barbashev                                    60     1   3  1  
 2 Mason Appleton                                    40     1   3  1  

Penalty Kill - 3 Players Defense
   Defense                  Defense                  Time % Phy DF OF 
 1 Ryan McDonagh            Miro Heiskanen           60     1   4  0  
 2 Matt Roy                 Gustav Forsling          40     1   4  0  

4 vs 4 Forward 
   Center                   Wing                     Time % Phy DF OF 
 1 Andrew Copp              Nino Niederreiter        60     0   2  3  
 2 Sam Bennett              Ivan Barbashev           40     0   2  2  

4 vs 4 Defense
   Defense                  Defense                  Time % Phy DF OF 
 1 Ryan McDonagh            Miro Heiskanen           60     1   2  2  
 2 Matt Roy                 Gustav Forsling          40     1   2  2  

Last Minutes Offensive
   Center                   Left Wing                Right Wing               Defense                  Defense                  
   Andrew Copp              Nino Niederreiter        Josh Anderson            John Klingberg           Miro Heiskanen           

Last Minutes Defensive
   Center                   Left Wing                Right Wing               Defense                  Defense                  
   Andrew Copp              Nino Niederreiter        Josh Anderson            Ryan McDonagh            Miro Heiskanen           

Goaltenders
Starting : Thatcher Demko           
Backup : Vitek Vanecek            

Extra Forwards
Normal : Victor Rask, Sammy Blais, Ivan Barbashev - PP : Victor Rask, Warren Foegele - PK : Ivan Barbashev
Extra Defensemen
Normal : Gustav Forsling, Matt Roy, John Klingberg - PP : Gustav Forsling - PK : Matt Roy, John Klingberg
Penalty Shots
Andrew Copp, Nino Niederreiter, Josh Anderson, Sam Bennett, Mason Appleton
Custom OT Lines Forwards
Andrew Copp, Nino Niederreiter, Josh Anderson, Sam Bennett, Mason Appleton, Victor Rask, Sammy Blais, Warren Foegele, Ivan Barbashev, Mathieu Joseph
Custom OT Lines Defensemen
Ryan McDonagh, Miro Heiskanen, John Klingberg, Keith Yandle, Gustav Forsling

Scratches
Kevan Miller (Healthy), Jesperi Kotkaniemi (Healthy), Marcus Pettersson (Healthy)

% Time on Ice - Red Wings

Lines # - Real PCT - Wanted PCT - Time Play
Normal Forward
1 - 29% - 30% - 15:52
2 - 29% - 30% - 16:04
3 - 29% - 30% - 15:55
4 - 13% - 10% - 6:55
Normal Defense
1 - 34% - 34% - 18:24
2 - 32% - 33% - 17:45
3 - 34% - 33% - 18:35
4 - 0% - 0% - 0:02
PP Forward
1 - 100% - 60% - 0:02
2 - 0% - 40% - 0:00
PP Defense
1 - 100% - 60% - 0:02
2 - 0% - 40% - 0:00
PK Forward
1 - 77% - 60% - 3:04
2 - 23% - 40% - 0:54
PK Defense
1 - 54% - 60% - 2:08
2 - 46% - 40% - 1:50
PK3 Forward
1 - 0% - 60%
2 - 0% - 40%
PK3 Defense
1 - 0% - 60%
2 - 0% - 40%
44 Forward
1 - 0% - 50%
2 - 0% - 50%
44 Defense
1 - 0% - 50%
2 - 0% - 50%
Last Minute Offensive  - 0:00
Last Minute Defensive  - 1:14
Total
Forward - 60:00
Defense - 60:00

% Time on Ice - Avalanche

Lines # - Real PCT - Wanted PCT - Time Play
Normal Forward
1 - 33% - 34% - 17:52
2 - 29% - 30% - 15:40
3 - 27% - 28% - 14:36
4 - 12% - 8% - 6:37
Normal Defense
1 - 40% - 40% - 21:49
2 - 30% - 30% - 16:28
3 - 21% - 20% - 11:27
4 - 9% - 10% - 5:01
PP Forward
1 - 61% - 60% - 2:24
2 - 39% - 40% - 1:34
PP Defense
1 - 62% - 60% - 2:27
2 - 38% - 40% - 1:31
PK Forward
1 - 100% - 60% - 0:02
2 - 0% - 40% - 0:00
PK Defense
1 - 100% - 60% - 0:02
2 - 0% - 40% - 0:00
PK3 Forward
1 - 0% - 60%
2 - 0% - 40%
PK3 Defense
1 - 0% - 60%
2 - 0% - 40%
44 Forward
1 - 0% - 60%
2 - 0% - 40%
44 Defense
1 - 0% - 60%
2 - 0% - 40%
Last Minute Offensive  - 1:15
Last Minute Defensive  - 0:00
Total
Forward - 60:00
Defense - 60:00

Play-by-Play

1st period


0:01 of 1st period - John Tavares wins face-off versus Andrew Copp in neutral zone.
0:26 of 1st period - Lars Eller is hit by Nino Niederreiter and loses puck.
0:35 of 1st period - Slapshot by Nino Niederreiter.
0:35 of 1st period - Stopped by Marc-Andre Fleury without a rebound.
0:36 of 1st period - Ivan Barbashev wins face-off versus Noel Acciari in Red Wings zone.
1:31 of 1st period - Slapshot by Nino Niederreiter.
1:31 of 1st period - Stopped by Marc-Andre Fleury without a rebound.
1:32 of 1st period - John Tavares wins face-off versus Andrew Copp in Red Wings zone.
1:39 of 1st period - Backhand shot by John Tavares.
1:39 of 1st period - Shot Blocked by Andrew Copp.
1:41 of 1st period - Snap shot by David Pastrnak.
1:41 of 1st period - Shot Misses the Net.
1:43 of 1st period - Slapshot by Anton Stralman.
1:43 of 1st period - Shot Misses the Net.
1:45 of 1st period - Slapshot by John Tavares.
1:45 of 1st period - Stopped by Thatcher Demko without a rebound.
1:46 of 1st period - Ivan Barbashev wins face-off versus Cam Atkinson in Avalanche zone.
1:51 of 1st period - Oliver Bjorkstrand is hit by Ivan Barbashev and loses puck.
2:13 of 1st period - Icing by Connor Brown.
2:14 of 1st period - Nick Bonino wins face-off versus Sam Bennett in Red Wings zone.
2:23 of 1st period - Wrist shot by Lars Eller.
2:23 of 1st period - Shot Misses the Net.
2:25 of 1st period - Wrist shot by Troy Stecher.
2:25 of 1st period - Deflect By Connor Brown.
2:25 of 1st period - Shot Misses the Net.
2:25 of 1st period - Puck is out of play.
2:26 of 1st period - John Tavares wins face-off versus Andrew Copp in Avalanche zone.
2:52 of 1st period - Noel Acciari is hit by Sam Bennett and loses puck.
3:21 of 1st period - Troy Stecher is hit by Ivan Barbashev and loses puck.
3:47 of 1st period - Gustav Forsling is hit by Jujhar Khaira and loses puck.
4:00 of 1st period - David Pastrnak is hit by Josh Anderson and loses puck.
4:05 of 1st period - Snap shot by Andrew Copp.
4:05 of 1st period - Shot Misses the Net.
4:07 of 1st period - Backhand shot by Ryan McDonagh.
4:07 of 1st period - Stopped by Marc-Andre Fleury with a rebound.
4:55 of 1st period - Ryan McDonagh is hit by Anton Stralman and loses puck.
5:12 of 1st period - Matt Roy is hit by Andreas Johnsson and loses puck.
5:31 of 1st period - Slapshot by Keith Yandle.
5:31 of 1st period - Stopped by Marc-Andre Fleury without a rebound.
5:32 of 1st period - Mark Scheifele wins face-off versus Sam Bennett in Red Wings zone.
5:39 of 1st period - Dylan DeMelo is hit by Sammy Blais and loses puck.
6:09 of 1st period - Noel Acciari is hit by Josh Anderson and loses puck.
7:31 of 1st period - Snap shot by Andreas Johnsson.
7:31 of 1st period - Stopped by Thatcher Demko with a rebound.
7:33 of 1st period - Wrist shot by Jujhar Khaira.
7:33 of 1st period - Stopped by Thatcher Demko without a rebound.
7:34 of 1st period - John Tavares wins face-off versus Andrew Copp in Avalanche zone.
7:41 of 1st period - Wrist shot by Mark Scheifele.
7:41 of 1st period - Stopped by Thatcher Demko with a rebound.
7:45 of 1st period - Snap shot by John Tavares.
7:45 of 1st period - Stopped by Thatcher Demko with a rebound.
7:47 of 1st period - Snap shot by Jeff Petry.
7:47 of 1st period - Shot Blocked by Josh Anderson.
7:49 of 1st period - Slapshot by Jeff Petry.
7:49 of 1st period - Stopped by Thatcher Demko with a rebound.
7:51 of 1st period - Wrist shot by Duncan Keith.
7:51 of 1st period - Deflect By Miro Heiskanen.
7:51 of 1st period - Stopped by Thatcher Demko without a rebound.
7:52 of 1st period - Nick Bonino wins face-off versus Ivan Barbashev in Avalanche zone.
8:30 of 1st period - Slapshot by Nick Bonino.
8:30 of 1st period - Shot Misses the Net.
8:32 of 1st period - Wrist shot by Connor Brown.
8:32 of 1st period - Shot Misses the Net.
8:34 of 1st period - Snap shot by Nick Bonino.
8:34 of 1st period - Stopped by Thatcher Demko with a rebound.
8:36 of 1st period - Slapshot by Anton Stralman.
8:36 of 1st period - Shot Misses the Net.
8:38 of 1st period - Wrist shot by Nick Bonino.
8:38 of 1st period - Stopped by Thatcher Demko with a rebound.
8:40 of 1st period - Wrist shot by Nick Bonino.
8:40 of 1st period - Shot Misses the Net.
8:42 of 1st period - Snap shot by Connor Brown.
8:42 of 1st period - Stopped by Thatcher Demko without a rebound.
8:43 of 1st period - Andrew Copp wins face-off versus John Tavares in Avalanche zone.
9:13 of 1st period - Wrist shot by Mathieu Joseph.
9:13 of 1st period - Shot Blocked by Duncan Keith.
9:17 of 1st period - Snap shot by Kyle Clifford.
9:17 of 1st period - Stopped by Marc-Andre Fleury with a rebound.
9:33 of 1st period - Cam Atkinson is hit by Sam Bennett and loses puck.
9:59 of 1st period - Slapshot by John Klingberg.
9:59 of 1st period - Stopped by Marc-Andre Fleury with a rebound.
10:11 of 1st period - Snap shot by Andrew Copp.
10:11 of 1st period - Stopped by Marc-Andre Fleury with a rebound.
10:53 of 1st period - John Tavares is hit by Nino Niederreiter and loses puck.
11:21 of 1st period - Wrist shot by Victor Rask.
11:21 of 1st period - Stopped by Marc-Andre Fleury without a rebound.
11:22 of 1st period - Andrew Copp wins face-off versus Noel Acciari in Red Wings zone.
11:37 of 1st period - Snap shot by Cam Atkinson.
11:37 of 1st period - Shot Misses the Net.
12:28 of 1st period - Snap shot by Zemgus Girgensons.
12:28 of 1st period - Stopped by Thatcher Demko without a rebound.
12:29 of 1st period - Warren Foegele wins face-off versus Jujhar Khaira in Avalanche zone.
12:33 of 1st period - Off-side.
12:34 of 1st period - Andrew Copp wins face-off versus Noel Acciari in neutral zone.
12:45 of 1st period - Slapshot by Daniel Sprong.
12:45 of 1st period - Stopped by Marc-Andre Fleury without a rebound.
12:46 of 1st period - John Tavares wins face-off versus Andrew Copp in Red Wings zone.
13:21 of 1st period - Snap shot by Nick Bonino.
13:21 of 1st period - Shot Misses the Net.
13:23 of 1st period - Slapshot by Scott Harrington.
13:23 of 1st period - Shot Blocked by Mathieu Joseph.
13:25 of 1st period - Snap shot by Connor Brown.
13:25 of 1st period - Stopped by Thatcher Demko with a rebound.
13:27 of 1st period - Slapshot by Scott Harrington.
13:27 of 1st period - Stopped by Thatcher Demko with a rebound.
14:21 of 1st period - Wrist shot by Josh Anderson.
14:21 of 1st period - Deflect By Andrew Copp.
14:21 of 1st period - Stopped by Marc-Andre Fleury with a rebound.
15:10 of 1st period - Snap shot by Jujhar Khaira.
15:10 of 1st period - Shot Blocked by Sammy Blais.
15:22 of 1st period - Josh Anderson is hit by Oliver Bjorkstrand and loses puck.
16:03 of 1st period - Connor Brown is hit by Josh Anderson and loses puck.
16:29 of 1st period - Jujhar Khaira is hit by Ivan Barbashev and loses puck.
16:44 of 1st period - Slapshot by Victor Rask.
16:44 of 1st period - Stopped by Marc-Andre Fleury without a rebound.
16:45 of 1st period - Victor Rask wins face-off versus Noel Acciari in Red Wings zone.
16:56 of 1st period - Snap shot by Victor Rask.
16:56 of 1st period - Shot Misses the Net.
16:58 of 1st period - Slapshot by Gustav Forsling.
16:58 of 1st period - Stopped by Marc-Andre Fleury with a rebound.
17:10 of 1st period - Miro Heiskanen is hit by Troy Stecher and loses puck.
17:21 of 1st period - Wrist shot by Lars Eller.
17:21 of 1st period - Stopped by Thatcher Demko with a rebound.
17:57 of 1st period - Snap shot by Ivan Barbashev.
17:57 of 1st period - Stopped by Marc-Andre Fleury without a rebound.
17:58 of 1st period - Noel Acciari wins face-off versus Andrew Copp in Red Wings zone.
18:00 of 1st period - Minor Penalty to Scott Harrington for Hooking.
18:01 of 1st period - Noel Acciari wins face-off versus Andrew Copp in Red Wings zone.
18:06 of 1st period - Icing by Keith Yandle.
18:07 of 1st period - Andrew Copp wins face-off versus Noel Acciari in Avalanche zone.
18:21 of 1st period - Noel Acciari is hit by Miro Heiskanen and loses puck.
19:31 of 1st period - Icing by Miro Heiskanen.
19:32 of 1st period - Andrew Copp wins face-off versus Zemgus Girgensons in Avalanche zone.
0:00 of 2nd period - Penalty to Scott Harrington is over, Scott Harrington is back on ice.
Goals for this period are 0 for Red Wings vs 0 for Avalanche.
Shots for this period are 14 for Red Wings vs 13 for Avalanche.

2nd period


0:01 of 2nd period - Andrew Copp wins face-off versus Noel Acciari in neutral zone.
0:29 of 2nd period - Snap shot by Nick Bonino.
0:29 of 2nd period - Stopped by Thatcher Demko with a rebound.
0:35 of 2nd period - Snap shot by Nino Niederreiter.
0:35 of 2nd period - Stopped by Marc-Andre Fleury without a rebound.
0:36 of 2nd period - Nick Bonino wins face-off versus Ivan Barbashev in Red Wings zone.
0:51 of 2nd period - Snap shot by Lars Eller.
0:51 of 2nd period - Stopped by Thatcher Demko with a rebound.
0:53 of 2nd period - Wrist shot by Connor Brown.
0:53 of 2nd period - Goal by Connor Brown - Red Wings : 1 - Avalanche : 0.
0:54 of 2nd period - Andrew Copp wins face-off versus John Tavares in neutral zone.
1:21 of 2nd period - Noel Acciari is hit by Nino Niederreiter and loses puck.
1:50 of 2nd period - Snap shot by Zemgus Girgensons.
1:50 of 2nd period - Shot Blocked by Ryan McDonagh.
1:52 of 2nd period - Slapshot by Anton Stralman.
1:52 of 2nd period - Shot Blocked by Mathieu Joseph.
2:13 of 2nd period - Off-side.
2:14 of 2nd period - John Tavares wins face-off versus Josh Anderson in neutral zone.
2:40 of 2nd period - Oliver Bjorkstrand is hit by Ivan Barbashev and loses puck.
2:49 of 2nd period - Slapshot by Oliver Bjorkstrand.
2:49 of 2nd period - Shot Misses the Net.
3:05 of 2nd period - Wrist shot by Sammy Blais.
3:05 of 2nd period - Stopped by Marc-Andre Fleury without a rebound.
3:06 of 2nd period - Sam Bennett wins face-off versus Connor Brown in Red Wings zone.
3:15 of 2nd period - Slapshot by Nino Niederreiter.
3:15 of 2nd period - Shot Blocked by Lars Eller.
3:17 of 2nd period - Slapshot by Matt Roy.
3:17 of 2nd period - Deflect By Nino Niederreiter.
3:17 of 2nd period - Stopped by Marc-Andre Fleury without a rebound.
3:18 of 2nd period - Josh Anderson wins face-off versus John Tavares in Red Wings zone.
3:19 of 2nd period - Snap shot by Andrew Copp.
3:19 of 2nd period - Shot Misses the Net.
3:22 of 2nd period - Icing by Dylan DeMelo.
3:23 of 2nd period - Mark Scheifele wins face-off versus Daniel Sprong in Red Wings zone.
4:37 of 2nd period - Backhand shot by Mark Scheifele.
4:37 of 2nd period - Shot Misses the Net.
5:01 of 2nd period - Slapshot by Nick Bonino.
5:01 of 2nd period - Shot Misses the Net.
5:03 of 2nd period - Snap shot by Lars Eller.
5:03 of 2nd period - Stopped by Thatcher Demko without a rebound.
5:04 of 2nd period - Nick Bonino wins face-off versus Josh Anderson in Avalanche zone.
5:15 of 2nd period - Matt Roy is hit by Anton Stralman and loses puck.
5:30 of 2nd period - Daniel Sprong is hit by Nick Bonino and loses puck.
6:15 of 2nd period - Slapshot by Nick Bonino.
6:15 of 2nd period - Shot Misses the Net.
6:17 of 2nd period - Wrist shot by Lars Eller.
6:17 of 2nd period - Stopped by Thatcher Demko with a rebound.
6:35 of 2nd period - Slapshot by Nick Bonino.
6:35 of 2nd period - Shot Misses the Net.
6:37 of 2nd period - Snap shot by Anton Stralman.
6:37 of 2nd period - Deflect By Connor Brown.
6:37 of 2nd period - Stopped by Thatcher Demko with a rebound.
6:43 of 2nd period - Snap shot by Lars Eller.
6:43 of 2nd period - Stopped by Thatcher Demko without a rebound.
6:44 of 2nd period - Noel Acciari wins face-off versus Ivan Barbashev in Avalanche zone.
7:18 of 2nd period - Wrist shot by Ivan Barbashev.
7:18 of 2nd period - Shot Misses the Net.
7:20 of 2nd period - Snap shot by Kyle Clifford.
7:20 of 2nd period - Goal by Kyle Clifford - Red Wings : 1 - Avalanche : 1.
7:21 of 2nd period - Sam Bennett wins face-off versus Noel Acciari in neutral zone.
7:36 of 2nd period - Snap shot by Nino Niederreiter.
7:36 of 2nd period - Shot Blocked by Duncan Keith.
7:48 of 2nd period - Gustav Forsling is hit by Jujhar Khaira and loses puck.
8:21 of 2nd period - Wrist shot by Mark Scheifele.
8:21 of 2nd period - Shot Blocked by Victor Rask.
8:35 of 2nd period - Snap shot by Cam Atkinson.
8:35 of 2nd period - Shot Blocked by Keith Yandle.
9:09 of 2nd period - Snap shot by Victor Rask.
9:09 of 2nd period - Stopped by Marc-Andre Fleury without a rebound.
9:10 of 2nd period - Nick Bonino wins face-off versus Victor Rask in Red Wings zone.
9:10 of 2nd period - Nick Bonino is hit by Miro Heiskanen.
9:36 of 2nd period - Mathieu Joseph is hit by Cam Atkinson and loses puck.
9:41 of 2nd period - Wrist shot by Cam Atkinson.
9:41 of 2nd period - Stopped by Thatcher Demko with a rebound.
10:05 of 2nd period - Wrist shot by Mathieu Joseph.
10:05 of 2nd period - Shot Misses the Net.
10:07 of 2nd period - Slapshot by Gustav Forsling.
10:07 of 2nd period - Stopped by Marc-Andre Fleury with a rebound.
10:09 of 2nd period - Wrist shot by Mathieu Joseph.
10:09 of 2nd period - Shot Misses the Net.
10:11 of 2nd period - Slapshot by Gustav Forsling.
10:11 of 2nd period - Deflect By Mathieu Joseph.
10:11 of 2nd period - Stopped by Marc-Andre Fleury with a rebound.
10:13 of 2nd period - Snap shot by Mathieu Joseph.
10:13 of 2nd period - Stopped by Marc-Andre Fleury with a rebound.
10:15 of 2nd period - Slapshot by Mathieu Joseph.
10:15 of 2nd period - Goal by Mathieu Joseph - Red Wings : 1 - Avalanche : 2.
10:16 of 2nd period - Andrew Copp wins face-off versus John Tavares in neutral zone.
10:21 of 2nd period - Wrist shot by Andrew Copp.
10:21 of 2nd period - Stopped by Marc-Andre Fleury with a rebound.
10:27 of 2nd period - Backhand shot by David Pastrnak.
10:27 of 2nd period - Shot Misses the Net.
10:29 of 2nd period - Slapshot by Dylan DeMelo.
10:29 of 2nd period - Deflect By David Pastrnak.
10:29 of 2nd period - Stopped by Thatcher Demko with a rebound.
10:43 of 2nd period - Oliver Bjorkstrand is hit by Sam Bennett and loses puck.
10:44 of 2nd period - Oliver Bjorkstrand from Red Wings is injured at 10:44 of 2nd period (Left Hand).
10:45 of 2nd period - John Tavares wins face-off versus Sam Bennett in Red Wings zone.
10:45 of 2nd period - John Tavares is hit by Sammy Blais.
10:51 of 2nd period - Sam Bennett is hit by David Pastrnak and loses puck.
11:19 of 2nd period - Slapshot by Sammy Blais.
11:19 of 2nd period - Shot Misses the Net.
11:37 of 2nd period - Jeff Petry is hit by Josh Anderson and loses puck.
12:21 of 2nd period - Snap shot by Victor Rask.
12:21 of 2nd period - Stopped by Marc-Andre Fleury with a rebound.
12:23 of 2nd period - Backhand shot by Victor Rask.
12:23 of 2nd period - Deflect By Warren Foegele.
12:23 of 2nd period - Deflect By Connor Brown.
12:23 of 2nd period - Stopped by Marc-Andre Fleury with a rebound.
12:25 of 2nd period - Slapshot by John Klingberg.
12:25 of 2nd period - Deflect By Victor Rask.
12:25 of 2nd period - Shot Misses the Net.
12:25 of 2nd period - Puck is out of play.
12:26 of 2nd period - Andrew Copp wins face-off versus Noel Acciari in Red Wings zone.
13:35 of 2nd period - Snap shot by Ivan Barbashev.
13:35 of 2nd period - Shot Blocked by Andreas Johnsson.
13:53 of 2nd period - Slapshot by Andrew Copp.
13:53 of 2nd period - Shot Misses the Net.
14:39 of 2nd period - Duncan Keith is hit by Keith Yandle and loses puck.
15:13 of 2nd period - Sam Bennett is hit by Cam Atkinson and loses puck.
16:46 of 2nd period - Minor Penalty to Jujhar Khaira for Hooking.
16:47 of 2nd period - Noel Acciari wins face-off versus Andrew Copp in Red Wings zone.
17:03 of 2nd period - Icing by Gustav Forsling.
17:04 of 2nd period - Noel Acciari wins face-off versus Andrew Copp in Avalanche zone.
18:03 of 2nd period - Wrist shot by Zemgus Girgensons.
18:03 of 2nd period - Deflect By Nick Bonino.
18:03 of 2nd period - Shot Blocked by Gustav Forsling.
18:03 of 2nd period - Puck is out of play.
18:04 of 2nd period - Andrew Copp wins face-off versus Nick Bonino in Avalanche zone.
18:46 of 2nd period - Penalty to Jujhar Khaira is over, Jujhar Khaira is back on ice.
19:40 of 2nd period - John Tavares is hit by Ryan McDonagh and loses puck.
Goals for this period are 1 for Red Wings vs 2 for Avalanche.
Shots for this period are 9 for Red Wings vs 12 for Avalanche.

3rd period


0:01 of 3rd period - Andrew Copp wins face-off versus Noel Acciari in neutral zone.
0:04 of 3rd period - Jeff Petry is hit by Miro Heiskanen and loses puck.
0:19 of 3rd period - Josh Anderson is hit by Andreas Johnsson and loses puck.
0:54 of 3rd period - Slapshot by Miro Heiskanen.
0:54 of 3rd period - Stopped by Marc-Andre Fleury with a rebound.
0:56 of 3rd period - Slapshot by Miro Heiskanen.
0:56 of 3rd period - Shot Misses the Net.
0:58 of 3rd period - Slapshot by Gustav Forsling.
0:58 of 3rd period - Deflect By Kyle Clifford.
0:58 of 3rd period - Stopped by Marc-Andre Fleury without a rebound.
0:59 of 3rd period - Noel Acciari wins face-off versus Daniel Sprong in Red Wings zone.
1:04 of 3rd period - Slapshot by Troy Stecher.
1:04 of 3rd period - Shot Misses the Net.
1:06 of 3rd period - Snap shot by Troy Stecher.
1:06 of 3rd period - Stopped by Thatcher Demko with a rebound.
1:08 of 3rd period - Slapshot by Troy Stecher.
1:08 of 3rd period - Deflect By Andreas Johnsson.
1:08 of 3rd period - Stopped by Thatcher Demko without a rebound.
1:09 of 3rd period - Andrew Copp wins face-off versus Noel Acciari in Avalanche zone.
1:50 of 3rd period - Snap shot by Noel Acciari.
1:50 of 3rd period - Stopped by Thatcher Demko with a rebound.
2:14 of 3rd period - Wrist shot by Cam Atkinson.
2:14 of 3rd period - Deflect By Noel Acciari.
2:14 of 3rd period - Stopped by Thatcher Demko with a rebound.
2:16 of 3rd period - Backhand shot by Troy Stecher.
2:16 of 3rd period - Deflect By Ryan McDonagh.
2:16 of 3rd period - Stopped by Thatcher Demko without a rebound.
2:17 of 3rd period - Sam Bennett wins face-off versus John Tavares in Avalanche zone.
3:06 of 3rd period - Scott Harrington is hit by Warren Foegele and loses puck.
3:18 of 3rd period - Wrist shot by Warren Foegele.
3:18 of 3rd period - Stopped by Marc-Andre Fleury with a rebound.
3:28 of 3rd period - Anton Stralman is hit by Sammy Blais and loses puck.
3:40 of 3rd period - Off-side.
3:41 of 3rd period - Ivan Barbashev wins face-off versus Nick Bonino in neutral zone.
3:52 of 3rd period - Snap shot by Connor Brown.
3:52 of 3rd period - Shot Blocked by John Klingberg.
4:02 of 3rd period - Minor Penalty to Kyle Clifford for High sticking.
4:03 of 3rd period - Mark Scheifele wins face-off versus Ivan Barbashev in Avalanche zone.
4:04 of 3rd period - Slapshot by David Pastrnak.
4:04 of 3rd period - Goal by David Pastrnak - Red Wings : 2 - Avalanche : 2.
4:05 of 3rd period - Noel Acciari wins face-off versus Sam Bennett in neutral zone.
4:08 of 3rd period - Wrist shot by Cam Atkinson.
4:08 of 3rd period - Shot Misses the Net.
4:10 of 3rd period - Wrist shot by Andreas Johnsson.
4:10 of 3rd period - Stopped by Thatcher Demko with a rebound.
4:14 of 3rd period - Snap shot by Cam Atkinson.
4:14 of 3rd period - Stopped by Thatcher Demko with a rebound.
4:16 of 3rd period - Snap shot by Andreas Johnsson.
4:16 of 3rd period - Shot Misses the Net.
4:34 of 3rd period - Slapshot by Miro Heiskanen.
4:34 of 3rd period - Shot Blocked by Duncan Keith.
4:36 of 3rd period - Slapshot by Gustav Forsling.
4:36 of 3rd period - Stopped by Marc-Andre Fleury with a rebound.
4:38 of 3rd period - Slapshot by Gustav Forsling.
4:38 of 3rd period - Deflect By Lars Eller.
4:38 of 3rd period - Stopped by Marc-Andre Fleury without a rebound.
4:39 of 3rd period - John Tavares wins face-off versus Andrew Copp in Red Wings zone.
4:44 of 3rd period - David Pastrnak is hit by Ryan McDonagh and loses puck.
5:02 of 3rd period - Icing by John Klingberg.
5:03 of 3rd period - Nick Bonino wins face-off versus Sam Bennett in Avalanche zone.
5:52 of 3rd period - Slapshot by Miro Heiskanen.
5:52 of 3rd period - Shot Misses the Net.
5:54 of 3rd period - Snap shot by Daniel Sprong.
5:54 of 3rd period - Shot Blocked by John Tavares.
5:56 of 3rd period - Snap shot by Josh Anderson.
5:56 of 3rd period - Stopped by Marc-Andre Fleury with a rebound.
6:20 of 3rd period - Snap shot by Keith Yandle.
6:20 of 3rd period - Stopped by Marc-Andre Fleury with a rebound.
6:36 of 3rd period - Snap shot by Nino Niederreiter.
6:36 of 3rd period - Shot Misses the Net.
6:38 of 3rd period - Wrist shot by Sammy Blais.
6:38 of 3rd period - Shot Misses the Net.
6:40 of 3rd period - Wrist shot by Nino Niederreiter.
6:40 of 3rd period - Stopped by Marc-Andre Fleury without a rebound.
6:41 of 3rd period - Noel Acciari wins face-off versus Andrew Copp in Red Wings zone.
6:46 of 3rd period - Wrist shot by Cam Atkinson.
6:46 of 3rd period - Deflect By Noel Acciari.
6:46 of 3rd period - Stopped by Thatcher Demko with a rebound.
7:06 of 3rd period - Ryan McDonagh is hit by David Pastrnak and loses puck.
7:31 of 3rd period - Slapshot by Sam Bennett.
7:31 of 3rd period - Shot Misses the Net.
7:35 of 3rd period - Wrist shot by Sam Bennett.
7:35 of 3rd period - Stopped by Marc-Andre Fleury without a rebound.
7:36 of 3rd period - Sam Bennett wins face-off versus Noel Acciari in Red Wings zone.
7:56 of 3rd period - Off-side.
7:57 of 3rd period - Andrew Copp wins face-off versus Nick Bonino in neutral zone.
8:08 of 3rd period - Slapshot by Keith Yandle.
8:08 of 3rd period - Stopped by Marc-Andre Fleury without a rebound.
8:09 of 3rd period - Daniel Sprong wins face-off versus John Tavares in Red Wings zone.
8:10 of 3rd period - Wrist shot by Josh Anderson.
8:10 of 3rd period - Shot Misses the Net.
8:46 of 3rd period - Slapshot by Miro Heiskanen.
8:46 of 3rd period - Deflect By Cam Atkinson.
8:46 of 3rd period - Stopped by Marc-Andre Fleury without a rebound.
8:47 of 3rd period - Nick Bonino wins face-off versus Sam Bennett in Red Wings zone.
9:19 of 3rd period - Off-side.
9:20 of 3rd period - Andrew Copp wins face-off versus David Pastrnak in neutral zone.
9:37 of 3rd period - Anton Stralman is hit by Daniel Sprong and loses puck.
10:14 of 3rd period - Off-side.
10:15 of 3rd period - Sam Bennett wins face-off versus Nick Bonino in neutral zone.
10:40 of 3rd period - Ryan McDonagh is hit by Noel Acciari and loses puck.
10:49 of 3rd period - Wrist shot by Andreas Johnsson.
10:49 of 3rd period - Shot Blocked by Matt Roy.
11:05 of 3rd period - Snap shot by Mason Appleton.
11:05 of 3rd period - Shot Blocked by Jujhar Khaira.
11:07 of 3rd period - Snap shot by Warren Foegele.
11:07 of 3rd period - Stopped by Marc-Andre Fleury without a rebound.
11:08 of 3rd period - Nick Bonino wins face-off versus Sam Bennett in Red Wings zone.
11:13 of 3rd period - Snap shot by Nick Bonino.
11:13 of 3rd period - Goal by Nick Bonino - Red Wings : 3 - Avalanche : 2.
11:14 of 3rd period - Noel Acciari wins face-off versus Sam Bennett in neutral zone.
11:48 of 3rd period - Off-side.
11:49 of 3rd period - Nick Bonino wins face-off versus Ivan Barbashev in neutral zone.
11:56 of 3rd period - Wrist shot by Nick Bonino.
11:56 of 3rd period - Shot Misses the Net.
12:14 of 3rd period - Nino Niederreiter is hit by Mark Scheifele and loses puck.
12:25 of 3rd period - Snap shot by David Pastrnak.
12:25 of 3rd period - Stopped by Thatcher Demko without a rebound.
12:26 of 3rd period - Nick Bonino wins face-off versus Andrew Copp in Avalanche zone.
12:27 of 3rd period - Wrist shot by Lars Eller.
12:27 of 3rd period - Shot Misses the Net.
12:41 of 3rd period - Snap shot by Connor Brown.
12:41 of 3rd period - Shot Misses the Net.
13:14 of 3rd period - Icing by Keith Yandle.
13:15 of 3rd period - Sam Bennett wins face-off versus John Tavares in Avalanche zone.
13:30 of 3rd period - Slapshot by Mark Scheifele.
13:30 of 3rd period - Stopped by Thatcher Demko without a rebound.
13:31 of 3rd period - Lars Eller wins face-off versus Andrew Copp in Avalanche zone.
13:38 of 3rd period - Snap shot by Nick Bonino.
13:38 of 3rd period - Deflect By Lars Eller.
13:38 of 3rd period - Stopped by Thatcher Demko with a rebound.
13:40 of 3rd period - Slapshot by Connor Brown.
13:40 of 3rd period - Stopped by Thatcher Demko with a rebound.
13:46 of 3rd period - Snap shot by Nick Bonino.
13:46 of 3rd period - Shot Misses the Net.
13:56 of 3rd period - Dylan DeMelo is hit by Ryan McDonagh and loses puck.
14:37 of 3rd period - Matt Roy is hit by Jeff Petry and loses puck.
14:46 of 3rd period - Snap shot by Nino Niederreiter.
14:46 of 3rd period - Stopped by Marc-Andre Fleury with a rebound.
14:54 of 3rd period - Gustav Forsling is hit by Jeff Petry.
15:04 of 3rd period - Slapshot by Andreas Johnsson.
15:04 of 3rd period - Stopped by Thatcher Demko with a rebound.
15:06 of 3rd period - Wrist shot by Duncan Keith.
15:06 of 3rd period - Shot Misses the Net.
15:08 of 3rd period - Slapshot by Jeff Petry.
15:08 of 3rd period - Stopped by Thatcher Demko without a rebound.
15:09 of 3rd period - Andrew Copp wins face-off versus Cam Atkinson in Avalanche zone.
15:20 of 3rd period - Slapshot by Daniel Sprong.
15:20 of 3rd period - Stopped by Marc-Andre Fleury with a rebound.
15:22 of 3rd period - Wrist shot by Daniel Sprong.
15:22 of 3rd period - Stopped by Marc-Andre Fleury with a rebound.
15:24 of 3rd period - Snap shot by Josh Anderson.
15:24 of 3rd period - Stopped by Marc-Andre Fleury with a rebound.
15:34 of 3rd period - Sammy Blais is hit by John Tavares and loses puck.
15:57 of 3rd period - Wrist shot by Lars Eller.
15:57 of 3rd period - Stopped by Thatcher Demko without a rebound.
15:58 of 3rd period - Nick Bonino wins face-off versus Ivan Barbashev in Avalanche zone.
16:09 of 3rd period - Wrist shot by Lars Eller.
16:09 of 3rd period - Stopped by Thatcher Demko with a rebound.
16:11 of 3rd period - Backhand shot by Connor Brown.
16:11 of 3rd period - Stopped by Thatcher Demko without a rebound.
16:12 of 3rd period - Andrew Copp wins face-off versus Noel Acciari in Avalanche zone.
16:23 of 3rd period - Daniel Sprong is hit by Noel Acciari and loses puck.
16:24 of 3rd period - Daniel Sprong from Avalanche is injured at 16:24 of 3rd period (Fractured Left Foot).
16:25 of 3rd period - Noel Acciari wins face-off versus Ivan Barbashev in Avalanche zone.
16:50 of 3rd period - Scott Harrington is hit by John Klingberg and loses puck.
19:01 of 3rd period - Avalanche, Thatcher Demko is pulled from the net.
19:24 of 3rd period - Icing by Jeff Petry.
19:25 of 3rd period - Andrew Copp wins face-off versus Mark Scheifele in Red Wings zone.
Goals for this period are 2 for Red Wings vs 0 for Avalanche.
Shots for this period are 19 for Red Wings vs 16 for Avalanche.